AoeStats
← Noobjoker

Arena

507686896Analyzed
4v4 RM · 12d ago on Sep 19, 2026· 58m 51s· 8 players
Game mode
Random Map
Map size
Large (8 player)
Population
200
Speed
Normal
Resources
Standard
Victory
Conquest
Starting age
Dark Age
Ending age
Imperial Age
RankedLock teamsTeams togetherTeam positionsShared explorationLock speedFull tech treeHidden civsTurbo modeCheats
Victory
Defeat
🇵🇪 Slavs · Peru
1441
+15
🇺🇸 Bengalis · United States
1423
+16
🇩🇪 Franks · Germany
1384
+17
🇦🇺 Japanese · Australia
1323
+20
🇻🇳 Gurjaras · Vietnam
1443
-18
🇨🇳 Chinese · China
1441
-18
🇻🇳 Inca · Vietnam
1397
-16
🇹🇼 Shu · Taiwan
1381
-16
Noobjoker
10:35 Feudal Age
12:32 Horse Collar
15:02 Castle Age
13:10 Double-Bit Axe
15:07 Gold Mining
16:41 Heavy Plow
16:56 Bow Saw
19:59 Fervor
19:46 Loom
21:17 Town Watch
22:22 Stone Mining
23:28 Gold Shaft Mining
26:09 Wheelbarrow
28:14 Imperial Age
25:13 Crossbowman
26:22 Ballistics
27:02 Wheelbarrow
27:24 Thumb Ring
28:14 Fletching
28:25 Padded Archer Armor
29:08 Hand Cart
28:21 Arbalester
30:17 Bodkin Arrow
30:54 Conscription
30:20 Elite Skirmisher
31:24 Bracer
33:01 Chemistry
32:07 Siege Engineers
34:16 Onager
35:05 Bolt Magazine
35:08 Coiled Serpent Array
37:30 Pikeman
38:13 Scale Mail Armor
38:23 Forging
39:21 Chain Mail Armor
39:28 Halberdier
40:09 Squires
40:49 Elite White Feather Guard
41:45 Masonry
43:41 Hoardings
45:19 Plate Mail Armor
46:19 Leather Archer Armor
58:25 Ring Archer Armor
shogun
11:05 Feudal Age
12:51 Wheelbarrow
15:33 Castle Age
13:36 Double-Bit Axe
13:53 Horse Collar
16:48 Bow Saw
16:45 Heavy Plow
16:41 Loom
17:16 Gold Mining
18:17 Loom
19:23 Gold Shaft Mining
23:29 Bloodlines
23:54 Hand Cart
23:32 Stone Mining
23:54 Forging
23:49 Scale Barding Armor
23:48 Husbandry
30:12 Iron Casting
35:10 Chain Barding Armor
38:11 Imperial Age
35:39 Fletching
36:12 Scale Mail Armor
37:34 Kshatriyas
37:39 Elite Skirmisher
38:24 Heavy Camel Rider
39:27 Conscription
40:01 Plate Barding Armor
43:19 Bodkin Arrow
43:25 Padded Archer Armor
45:48 Bracer
46:04 Leather Archer Armor
46:51 Chemistry
48:38 Ballistics
后入显风格
0:40 Loom
10:33 Feudal Age
14:47 Castle Age
13:19 Double-Bit Axe
14:12 Horse Collar
22:05 Bow Saw
23:09 Wheelbarrow
23:22 Heavy Plow
23:46 Gold Mining
24:44 Stone Mining
25:59 Hand Cart
29:51 Imperial Age
28:05 Gold Shaft Mining
28:42 Ballistics
28:42 Fletching
30:29 Stone Shaft Mining
30:12 Bodkin Arrow
30:18 Padded Archer Armor
31:01 Conscription
30:19 Elite Chu Ko Nu
31:14 Thumb Ring
31:23 Bracer
31:34 Forging
31:44 Leather Archer Armor
31:30 Scale Mail Armor
33:31 Chemistry
33:04 Ring Archer Armor
31:57 Pikeman
32:24 Arson
32:40 Squires
33:51 Iron Casting
33:32 Chain Mail Armor
32:40 Halberdier
33:26 Squires
35:39 Two-Man Saw
40:49 Murder Holes
41:05 Fortified Wall
41:09 Masonry
41:51 Capped Ram
43:22 Siege Ram
46:37 Scale Barding Armor
47:03 Plate Mail Armor
47:34 Blast Furnace
45:59 Man-at-Arms
48:40 Heavy Rocket Cart
51:39 Scale Barding Armor
55:54 Architecture
55:30 Caravan
56:01 Coinage
H 2 0
9:25 Feudal Age
13:51 Castle Age
12:11 Double-Bit Axe
12:23 Horse Collar
14:53 Heavy Plow
15:06 Bow Saw
18:29 Wheelbarrow
21:03 Gold Mining
21:02 Loom
21:09 Stone Mining
22:31 Heavy Plow
23:20 Stone Shaft Mining
22:48 Town Watch
24:00 Gold Shaft Mining
27:45 Imperial Age
25:18 Fletching
25:12 Treadmill Crane
25:53 Bodkin Arrow
26:01 Champi Runner
26:42 Scale Mail Armor
27:10 Hand Cart
27:21 Squires
26:43 Champi Warrior
28:59 Conscription
29:01 Chain Mail Armor
28:56 Forging
28:08 Pikeman
28:59 Halberdier
30:39 Plate Mail Armor
30:44 Iron Casting
31:38 Bracer
32:39 Blast Furnace
32:08 Ballistics
32:23 Conscription
32:22 Murder Holes
34:35 Chemistry
33:27 Heavy Scorpion
35:25 Capped Ram
36:36 Siege Ram
37:45 Arson
38:30 Siege Engineers
43:03 Hoardings
42:00 Sappers
43:14 Elite Champi Warrior
48:56 Caravan
54:47 Fabric Shields
GutFeeling
11:14 Feudal Age
14:55 Castle Age
13:08 Double-Bit Axe
13:27 Horse Collar
16:15 Bow Saw
17:21 Heavy Plow
21:29 Wheelbarrow
20:55 Loom
20:55 Town Watch
21:59 Gold Mining
22:03 Stone Mining
23:26 Hand Cart
28:14 Imperial Age
26:03 Fletching
26:35 Ballistics
26:39 Padded Archer Armor
27:00 Bodkin Arrow
28:34 Leather Archer Armor
28:31 Bloodlines
28:21 Husbandry
29:03 Bracer
29:26 Conscription
30:25 Ring Archer Armor
29:26 Elite Elephant Archer
31:45 Chemistry
39:49 Siege Elephant
40:43 Siege Engineers
41:38 Crop Rotation
42:40 Scale Barding Armor
42:46 Forging
45:31 Guilds
46:59 Chain Barding Armor
49:15 Coinage
51:52 Banking
52:29 Plate Barding Armor
52:29 Iron Casting
55:38 Blast Furnace
54:00 Light Cavalry
Laljia
10:39 Feudal Age
14:58 Castle Age
13:21 Double-Bit Axe
16:04 Bow Saw
23:31 Wheelbarrow
22:50 Gold Mining
23:26 Loom
24:26 Gold Shaft Mining
27:13 Imperial Age
25:14 Scale Barding Armor
26:15 Hand Cart
26:13 Forging
26:07 Stone Mining
27:13 Chain Barding Armor
27:29 Iron Casting
27:16 Husbandry
27:17 Cavalier
28:43 Plate Barding Armor
29:03 Paladin
31:25 Blast Furnace
30:46 Devotion
31:28 Town Watch
31:58 Light Cavalry
34:00 Ballistics
34:40 Chemistry
33:41 Scale Mail Armor
35:01 Masonry
35:08 Chain Mail Armor
35:16 Conscription
34:58 Chivalry
36:04 #83
36:24 Plate Mail Armor
35:57 Squires
35:43 Arson
35:31 Elite Throwing Axeman
38:03 Architecture
39:10 Hoardings
42:55 Fortified Wall
43:20 Coinage
49:11 Banking
AstraLys
10:17 Feudal Age
14:08 Castle Age
13:16 Double-Bit Axe
13:14 Horse Collar
15:56 Bow Saw
17:49 Loom
22:33 Wheelbarrow
27:27 Imperial Age
25:52 Hand Cart
25:25 Town Watch
26:32 Hand Cart
27:56 Capped Ram
30:40 Two-Man Saw
29:33 Heavy Scorpion
31:35 Ballistics
31:07 Pikeman
31:48 Squires
32:48 Scale Mail Armor
32:59 Forging
34:27 Chain Mail Armor
34:37 Masonry
35:29 Chemistry
34:42 Halberdier
35:31 Siege Ram
37:00 Conscription
37:38 Siege Engineers
37:45 Masonry
37:47 Fortified Wall
37:14 Elite Boyar
38:01 Scale Barding Armor
38:26 Plate Mail Armor
38:32 Iron Casting
39:17 Iron Casting
38:45 Gold Mining
38:49 Stone Mining
42:05 Gold Shaft Mining
42:03 Chain Barding Armor
42:44 Blast Furnace
42:40 Bloodlines
42:30 Husbandry
55:21 Light Cavalry
Silver_Storm
5:57 Loom
8:16 Loom
10:01 Feudal Age
10:08 Feudal Age
9:05 Loom
11:50 Feudal Age
12:30 Double-Bit Axe
15:23 Castle Age
13:14 Horse Collar
13:47 Gold Mining
17:00 Bow Saw
20:48 Gold Mining
21:03 Heavy Plow
22:29 Wheelbarrow
22:45 Gold Mining
24:31 Gold Shaft Mining
23:46 Stone Mining
24:28 Hand Cart
27:48 Imperial Age
27:21 Ballistics
27:02 Stone Mining
28:15 Fletching
28:26 Scale Mail Armor
28:36 Forging
29:00 Conscription
28:10 Pikeman
28:50 Squires
28:12 Man-at-Arms
28:38 Gambesons
31:21 Chemistry
30:41 Chain Mail Armor
31:03 Iron Casting
30:21 Long Swordsman
31:04 Two-Handed Swordsman
32:28 Plate Mail Armor
33:36 Arson
33:42 Champion
35:43 Guard Tower
38:56 Yasama
40:44 Bodkin Arrow
43:10 Blast Furnace
42:10 Bracer
Connection lost

Rejoining the realm…

Still unreachable

The connection could not be restored.

Session expired

The server has moved on; the page needs a fresh start.